 Dungeon Crawl Stone Soup version 0.13-a0-3016-gcb2faac (webtiles) character file.

85 PolkaDot the Vexing (level 2, -3/19 HPs)
             Began as a Vampire Enchanter on Sept 14, 2013.
             Slain by a gnoll (6 damage)
             ... while paralysed by a potion of paralysis
             ... on Level 1 of the Dungeon.
             The game lasted 00:02:00 (1767 turns).

PolkaDot the Vexing (Vampire Enchanter)             Turns: 1767, Time: 00:02:00

HP  -3/19        AC  3     Str  7      XL: 2   Next: 93%
MP   5/5         EV  2     Int 17      God:
Gold 58          SH  0     Dex 14      Spells:  1 memorised,  2 levels left

Res.Fire  : . . .   See Invis. : +   g - +2,+1 elf short sword (flame)
Res.Cold  : + . .   Warding    : .   b - +1 robe
Life Prot.: + + .   Conserve   : .   (no shield)
Res.Poison: +       Res.Corr.  : .   (no helmet)
Res.Elec. : .       Clarity    : .   (no cloak)
Sust.Abil.: . .     Spirit.Shd : .   (no gloves)
Res.Mut.  : .       Stasis     : .   (no boots)
Res.Rott. : +       Flight     : .   (no amulet)
Saprovore : . . .                    (no ring)
                                     (no ring)

@: paralysed, regenerating slowly, not resistant to hostile enchantments,
stealthy
A: fangs 3, see invisible, unbreathing
a: no special abilities


You were on level 1 of the Dungeon.
You were very thirsty.

You visited 1 branch of the dungeon, and saw 2 of its levels.

You collected 38 gold pieces.

Inventory:

Hand weapons
 a - a +1,+1 dagger {=f}
 g - a +2,+1 elven short sword of flaming (weapon)
Missiles
 d - 12 darts (quivered)
Armour
 b - a +1 robe (worn)
Scrolls
 f - a scroll of enchant armour {unknown}
 j - a scroll of noise {unknown}
 l - a scroll of enchant weapon II {unknown}
 m - a scroll of identify {unknown}
Potions
 e - a potion of blood
 h - a potion of heal wounds {unknown}
 i - a potion of paralysis
 k - a potion of magic {unknown}
Books
 c - a book of Maledictions

   Spells                             Type                      Level
   *Corona                            Hexes                        1
   Sure Blade                         Hexes/Charms                 2
   Ensorcelled Hibernation            Hexes/Ice                    2
   Confuse                            Hexes                        3
   Enslavement                        Hexes                        4
   Invisibility                       Hexes                        6


   Skills:
 - Level 2.2 Short Blades
 - Level 0.7 Throwing
 * Level 2.1 Dodging
 + Level 3.7 Stealth
 - Level 1.0 Spellcasting
 + Level 4.9 Hexes


You had 2 spell levels left.
You knew the following spells:

 Your Spells              Type           Power        Failure   Level  Hunger
a - Corona                Hex            ###....      2%          1    ##.....


Dungeon Overview and Level Annotations

Branches:
Dungeon (2/27)

Altars:


Innate Abilities, Weirdness & Mutations

You heal slowly.
You have razor-sharp teeth.
You have supernaturally acute eyesight.
You can survive without breathing.


Message History

No target in view!
Things that are here:
an elven short sword; a kobold corpse 2 gnolls come into view.
The gnoll shouts!
There are monsters nearby!
A gnoll comes into view. It is wielding a club.
A gnoll comes into view. It is wielding a whip.
There is a stone staircase leading up here.
The gnoll shouts!
There is a stone staircase leading up here.
The gnoll hits you. The gnoll barely misses you.
You climb upwards.
There is a stone staircase leading down here.
The gnoll hits you with a club.
* * * LOW HITPOINT WARNING * * *
Drink which item? (? for menu, Esc to quit)
You suddenly lose the ability to move!
It was a potion of paralysis.
The gnoll hits you.
You die...

#g# #.#########+...# #.##.#. #.#
#.#......############.##.#. #.#
#.#.######..<..#.........#.
#g#####.#......#.....######.####.
#.g.....#.###..#..8..# #.# #.
######.##.###.##.....# #.####.
#.##......#.....# #......
#........####'### #######
####...gg.g@..# #########.## #.#
#.# #.# #.# ####.######
#.........# ###########.##.####.#


You could see 3 gnolls.

Vanquished Creatures
  A giant gecko (D:1)
  An ooze (D:2)
  A ball python (D:1)
  A giant cockroach (D:1)
  2 goblins (D:1)
  4 hobgoblins
  2 bats (D:1)
  2 giant newts
  6 kobolds
  5 rats (D:1)
25 creatures vanquished.

Notes
Turn   | Place    | Note
--------------------------------------------------------------
     0 | D:1      | PolkaDot, the Vampire Enchanter, began the quest for the Orb.
     0 | D:1      | Reached XP level 1. HP: 13/13 MP: 4/4
   864 | D:1      | Reached XP level 2. HP: 2/19 MP: 5/5
  1767 | D:1      | Paralysed by a potion of paralysis for 3 turns
  1767 | D:1      | Slain by a gnoll

Action                   || total
-------------------------++-------
Melee: Short sword       ||    50
       Dagger            ||    12
 Cast: Corona            ||     1
  Use: Potion            ||     1
 Stab: Sleeping          ||     3
